 Dungeon Crawl Stone Soup version 0.31-a0-1370-gf52a5a9ab3 (webtiles) character file.

Game seed: 2660531588698796739

115461 Lobster4 the Arsonist (level 16, 0/113 HPs)
             Began as a Human Fire Elementalist on Dec 23, 2023.
             Was the Champion of Nemelex Xobeh.
             Slain by a ghost moth (16 damage)
             ... on level 1 of the Spider Nest on Dec 24, 2023.
             The game lasted 01:52:44 (32513 turns).

Lobster4 the Arsonist (Human Fire Elementalist)    Turns: 32513, Time: 01:52:44

Health: 0/113      AC: 21    Str: 12 (14) XL:     16   Next: 68%
Magic:  2/31       EV: 17    Int: 16 (20) God:    Nemelex Xobeh [******]
Gold:   2102       SH:  0    Dex: 10 (13) Spells: 20/37 levels left

rFire   + . .        a - staff of Abuse {rF+ rN+ Int-2 Stlth+ Fire Alchemy}
rCold   . . .        K - orb {*channel}
rNeg    + . .        v - +2 ring mail {rPois}
rPois   +            L - +2 helmet
rElec   .            s - +2 cloak
rCorr   .            S - +2 pair of gloves
SInv    .            A - +0 pair of boots
Will    +++..        M - amulet of magic regeneration
Stlth   ++           b - ring "Mielulong" {Fly Will++ Int+3}
HPRegen 0.38/turn    G - +5 ring of evasion
MPRegen 0.62/turn

%: channel magic (20%)
@: mighty, flying
A: explore regen
a: Renounce Religion, Draw Escape, Draw Destruction, Draw Summoning, Triple
Draw, Deal Four, Stack Five


You were on level 1 of the Spider Nest.
You worshipped Nemelex Xobeh.
Nemelex Xobeh was exalted by your worship.
You visited 5 branches of the dungeon, and saw 24 of its levels.
You also visited: Sewer, Gauntlet and Volcano.

You collected 2878 gold pieces.
You spent 776 gold pieces at shops.

Inventory:

Hand Weapons
 p - a +2 rapier of flaming
 T - the +7 dire flail of Infinite Pain {venom, rF++ Dex+2 Stlth+}
   (You bought it in a shop on level 1 of the Orcish Mines)

   Dex+2:     It affects your dexterity (+2).
   rF++:      It greatly protects you from fire.
   Stlth+:    It makes you more stealthy.
 U - a +0 quick blade of flaming
 V - a +0 sling of freezing
Missiles
 m - 25 poisoned darts
 w - a curare-tipped dart
Armour
 s - a +2 cloak (worn)
 v - a +2 ring mail of poison resistance (worn)
 A - a +0 pair of boots (worn)
 K - an orb of energy (worn)
 L - a +2 helmet (worn)
 N - the +3 scale mail of Evolution {rF+++}
   (You found it on level 8 of the Dungeon)

   rF+++:     It renders you almost immune to fire.
 P - +0 acid dragon scales
 S - a +2 pair of gloves (worn)
 W - a +3 leather armour of cold resistance
Magical Staves
 a - the staff of Abuse (weapon) {rF+ rN+ Int-2 Stlth+ Fire Alchemy}
   (You found it on level 5 of the Dungeon)

   [staff of fire]

   Base accuracy: +5 Base damage: 5 Base attack delay: 1.2 This weapon's minimum
   attack delay (0.6) is reached at skill level 12.
   Int-2:     It affects your intelligence (-2).
   rF+:       It protects you from fire.
   rN+:       It protects you from negative energy.
   Stlth+:    It makes you more stealthy.
   Fire:      It increases the power of your Fire spells.
   Alchemy:   It increases the power of your Alchemy spells.
   It falls into the 'Staves' category.
   It is a one-handed weapon.
 e - a staff of conjuration
 y - a staff of cold
Jewellery
 b - the ring "Mielulong" (left hand) {Fly Will++ Int+3}
   (You took it off a centaur warrior on level 14 of the Dungeon)

   [ring of flight]

   Int+3:     It affects your intelligence (+3).
   Will++:    It greatly increases your willpower.
   Fly:       It grants you flight.
 k - a ring of protection from cold
 E - a ring of magical power
 G - a +5 ring of evasion (right hand)
 M - an amulet of magic regeneration (around neck)
 O - a ring of willpower
 Z - a ring of resist corrosion
Wands
 c - a wand of flame (25)
 z - a wand of paralysis (16)
 B - a wand of iceblast (8)
 I - a wand of quicksilver (5)
Scrolls
 i - 8 scrolls of identify
 j - a scroll of fear
 l - 3 scrolls of blinking
 n - 3 scrolls of revelation
 o - 6 scrolls of teleportation
 x - 3 scrolls of fog
 Q - 3 scrolls of poison
 R - a scroll of immolation
 X - a scroll of summoning
 Y - 2 scrolls of silence
Potions
 g - 5 potions of enlightenment
 h - 5 potions of attraction
 q - 2 potions of magic
 r - 2 potions of berserk rage
 t - 4 potions of mutation
 u - 4 potions of haste
 C - a potion of lignification
 D - a potion of resistance
 F - 4 potions of brilliance
 J - 4 potions of curing
Miscellaneous
 d - a condenser vane
 H - a phantom mirror


   Skills:
 + Level 6.5 Fighting
 - Level 5.0 Short Blades
 - Level 1.0 Axes
 + Level 6.4 Staves
 - Level 1.0 Ranged Weapons
 + Level 11.8 Armour
 - Level 5.0 Dodging
 - Level 2.0 Stealth
 + Level 11.0 Spellcasting
 + Level 11.8 Conjurations
 - Level 3.0 Hexes
 + Level 14.9 Fire Magic
 - Level 3.0 Ice Magic
 - Level 3.0 Air Magic
 - Level 3.0 Alchemy
 + Level 9.9 Invocations
 - Level 5.0 Evocations


You had 20 spell levels left.
You knew the following spells:

 Your Spells              Type           Power      Damage    Failure   Level
a - Foxfire               Conj/Fire      100%       2x1d9     1%          1
b - Scorch                Fire           100%       2d9       1%          2
c - Freeze                Ice            72%        1d8       13%         1
d - Flame Wave            Conj/Fire      67%        2d15      4%          4
e - Sting                 Conj/Alch      100%       1d9       4%          1
f - Mephitic Cloud        Conj/Alch/Air  41%        N/A       13%         3
g - Mercury Vapours       Alch/Air       54%        N/A       19%         2
i - Inner Flame           Hex/Fire       54%        N/A       5%          3

Your spell library contained the following spells:

 Spells                   Type           Power      Damage    Failure   Level
 Shock                    Conj/Air       100%       1d9       4%          1
 Dazzling Flash           Conj/Hex       64%        N/A       9%          3
 Hailstorm                Conj/Ice       32%        3d8       9%          3
 Volatile Blastmotes      Fire/Tloc      96%        2d18      9%          3
 Jinxbite                 Hex            36%        N/A       19%         2
 Fulminant Prism          Conj/Alch      24%        3d12      21%         4
 Passwall                 Alch/Erth      16%        N/A       28%         2
 Frozen Ramparts          Ice            36%        1d6       30%         3
 Swiftness                Air            18%        N/A       30%         3
 Tukima's Dance           Hex            18%        N/A       30%         3
 Iskenderun's Mystic Bla  Conj/Tloc      27%        2d7       32%         4
 Apportation              Tloc           16%        N/A       34%         1
 Necrotise                Necr           32%        1d5       34%         1
 Irradiate                Conj/Alch      24%        3d19      41%         5
 Sublimation of Blood     Necr           8%         N/A       43%         2
 Vampiric Draining        Necr           8%         2d6       63%         3
 Airstrike                Air            9%         2d(2-18)  63%         4
 Olgreb's Toxic Radiance  Alch           27%        N/A       63%         4
 Plasma Beam              Fire/Air       27%        2x1d39    73%         6
 Leda's Liquefaction      Alch/Erth      10%        N/A       82%         4
 Petrify                  Alch/Erth      20%        N/A       82%         4
 Alistair's Intoxication  Alch           18%        N/A       90%         5
 Silence                  Hex/Air        9%         N/A       90%         5
 Yara's Violent Unravell  Hex/Alch       13%        3d7       90%         5
 Passage of Golubria      Tloc           8%         N/A       94%         4
 Bombard                  Conj/Erth      13%        9d3       98%         6
 Ignition                 Fire           35%        3d11      98%         8
 Agony                    Necr           8%         N/A       99%         5
 Lee's Rapid Deconstruct  Erth           4%         3d5*      99%         5


Dungeon Overview and Level Annotations

Branches:
Dungeon (15/15)            Temple (1/1) D:6            Lair (5/5) D:8
  Swamp (0/4) Lair:3       Spider (1/4) Lair:2        Slime (0/5) Lair:4
    Orc (2/2) D:12            Elf (0/3) Orc:2        Vaults (0/5) D:14
 Depths (0/4) D:15          Sewer (visited)         Volcano (visited)
Gauntlet (visited)

Altars:
Ashenzari
Cheibriados
Dithmenos
Elyvilon
Fedhas
Gozag
Hepliaklqana
Kikubaaqudgha
Makhleb
Nemelex Xobeh
Okawaru
Qazlal
Ru
Sif Muna
Trog
Uskayaw
Vehumet
Wu Jian
Xom
Yredelemnul
Zin
The Shining One

Shops:
Orc:1 (   Orc:2 (**[

Annotations:
D:7 1 exclusion


Innate Abilities, Weirdness & Mutations

You regain HP and MP as you explore.


Message History

You feel dopey. Something barely misses you.
You hit something but do no damage. You burn something.
You feel you are being watched by something.
You feel your power leaking away. Something hits you!
You feel weakened. Something hits you but does no damage.
Something stings you but does no damage.
You hit something. You burn something!!
Something hits you but does no damage. x2
Something stings you.
You feel dopey.
You feel very mighty all of a sudden. Something hits you!
You feel clumsy. Something completely misses you.
Something stings you but does no damage.
You feel you are being watched by something.
You feel your power leaking away. Something hits you.
You feel dopey. Something hits you. Something barely misses you.
You hit something! You burn something!
Something hits you but does no damage. x2
Something stings you.
You feel dopey.
You hit something. You burn something!
You feel you are being watched by something.
You feel your power leaking away. Something completely misses you.
Something hits you but does no damage. Something stings you!
* * * LOW HITPOINT WARNING * * *
You barely miss something. Something hits you!
* * * LOW HITPOINT WARNING * * *
You feel clumsy. Something hits you but does no damage. Something stings you.
* * * LOW HITPOINT WARNING * * *
You feel clumsy.
You miss something. Something hits you!
You die...
Your body disappears without a glow.

### ###.### #####
.###..)#.###.>.####
#.........#.##..#.^##
#####......<.#..#...#
#...#....@...#...#
#######...{..#...#
#........^...#
##...#.......#
#...#####..###
#####........#
#.........#
#..##...### #.
#......#


There were no monsters in sight!

Vanquished Creatures
  Jorgrun (Orc:2)
  Gastronok (D:8)
  An orc warlord (Orc:2)
  A spark wasp (Lair:5)
  Snorg (D:12)
  An entropy weaver (shapeshifter) (D:14)
  9 hydras
  A great orb of eyes (D:15)
  An ogre mage (D:15)
  2 catoblepae
  A deep troll shaman (Lair:5)
  6 centaur warriors
  6 two-headed ogres
  6 boulder beetles
  A tengu warrior (D:15)
  20 death yaks
  A demonic crawler (Lair:2)
  4 orc high priests
  Urug (Orc:1)
  Sonja (D:12)
  Nergalle (D:10)
  A deep elf knight (D:14)
  Lodul (D:11)
  4 skysharks
  2 lindwurms (Volcano)
  A phantasmal warrior (D:14)
  A flayed ghost (D:14)
  A deep elf archer (D:14)
  6 orc knights
  4 orc sorcerers (Orc:2)
  2 wolf spiders
  3 deep elf pyromancers (D:14)
  4 cyclopes
  8 ugly things (D:15)
  An oklob plant (Lair:5)
  4 kobold blastminers
  5 manticores
  5 black mambas
  Joseph (Lair:2)
  A black mamba (shapeshifter) (D:14)
  4 molten gargoyles (Volcano)
  12 elephants
  16 cane toads
  5 gargoyles
  A torpor snail (Lair:2)
  10 komodo dragons
  2 unseen horrors
  3 rime drakes
  3 efreet (Volcano)
  A kobold demonologist (D:11)
  3 tengu conjurers (D:15)
  The ghost of holymoly the Magician, an amateur OnHW (D:4)
  A merfolk (shapeshifter) (D:15)
  Psyche (D:8)
  A troll (shapeshifter) (D:14)
  A meliai (Lair:5)
  3 polar bears
  5 trolls
  19 blink frogs
  A polar bear (shapeshifter) (D:14)
  A hornet (D:11)
  3 tarantellas (Lair:2)
  Prince Ribbit (D:5)
  A jumping spider (shapeshifter) (D:14)
  Sigmund (D:3)
  24 slime creatures
  4 wyverns
  2 shadows
  4 wraiths
  A fire bat (shapeshifter) (D:14)
  3 fire elementals (Volcano)
  10 basilisks
  The ghost of Savior361 the Skirmisher, an amateur GnHu (D:4)
  36 yaks
  8 vampire mosquitoes
  A warg (Orc:2)
  16 water moccasins
  2 acid dragons (D:9)
  An ice beast (D:6)
  24 orc warriors
  A black bear (D:4)
  A sky beast (shapeshifter) (D:14)
  A sky beast (D:6)
  22 wolves
  18 ogres
  10 centaurs
  The ghost of Jose the Covered, an amateur GrFi (D:4)
  A phantom (D:5)
  2 kobold brigands
  2 earth elementals (Volcano)
  15 bullfrogs
  12 killer bees
  9 howler monkeys
  2 electric eels (Lair:3)
  4 jellies
  5 hounds
  17 orc priests
  2 sleepcaps
  Natasha (D:2)
  Terence (D:2)
  3 iguanas
  28 orc wizards
  A hell rat (D:13)
  A river rat (D:3)
  11 adders
  3 shadow imps
  4 bombardier beetles
  2 ufetubi (D:6)
  5 dart slugs
  75 orcs
  3 bats
  4 endoplasms
  12 giant cockroaches
  7 goblins
  5 hobgoblins
  4 jackals (D:4)
  6 quokkas
  14 ball pythons
  8 frilled lizards
  15 kobolds
  8 rats
705 creatures vanquished.

Vanquished Creatures (collateral kills)
  A death yak (Lair:4)
  An elephant (Lair:3)
  The ghost of grandjackal the Ducker, a novice DjGl (D:3)
  A wolf (Lair:3)
  43 foxfires
47 creatures vanquished.

Vanquished Creatures (others)
  2573 foxfires
2573 creatures vanquished.

Grand Total: 3325 creatures vanquished

Notes
Turn   | Place    | Note
-------+----------+-------------------------------------------
     0 | D:1      | Lobster4 the Human Fire Elementalist began the quest for
                  | the Orb.
     0 | D:1      | Reached XP level 1. HP: 13/13 MP: 3/3
   331 | D:1      | Reached XP level 2. HP: 20/20 MP: 0/5
   335 | D:1      | Learned a level 2 spell: Scorch
   381 | D:1      | You fall into a shaft and drop 1 floor!
   634 | D:2      | Noticed Terence
  1015 | D:1      | Reached skill level 1 in Fighting
  1015 | D:1      | Reached XP level 3. HP: 26/26 MP: 6/6
  1194 | D:1      | Found a faded altar of an unknown god.
  1499 | D:2      | Reached skill level 1 in Armour
  1645 | D:2      | Noticed Natasha
  1650 | D:2      | Killed Natasha
  1651 | D:2      | Reached XP level 4. HP: 29/32 MP: 7/7
  1743 | D:2      | Killed Terence
  2002 | D:2      | Found a shadowy altar of Dithmenos.
  2548 | D:3      | Reached XP level 5. HP: 35/38 MP: 1/8
  2569 | D:3      | Found a glowing drain.
  2606 | Sewer    | Entered a sewer
  2671 | Sewer    | Reached skill level 4 in Fire Magic
  3159 | Sewer    | Reached XP level 6. HP: 43/44 MP: 5/10
  3647 | D:3      | Noticed Sigmund
  3950 | D:4      | Noticed Jose's ghost (amateur GrFi)
  3950 | D:4      | Found a runed translucent gate.
  3950 | D:4      | Found a runed translucent gate.
  3950 | D:4      | Found a runed translucent gate.
  3951 | D:4      | Noticed Savior361's ghost (amateur GnHu)
  3951 | D:4      | Noticed grandjackal's ghost (novice DjGl)
  3951 | D:4      | Noticed holymoly's ghost (amateur OnHW)
  4131 | D:4      | Noticed a black bear
  4284 | D:4      | Killed a black bear
  4285 | D:4      | Reached XP level 7. HP: 51/51 MP: 3/11
  5200 | D:4      | Reached skill level 5 in Fire Magic
  5744 | D:5      | Entered Level 5 of the Dungeon
  5749 | D:5      | Noticed Prince Ribbit
  6231 | D:5      | Reached skill level 1 in Evocations
  6231 | D:5      | Reached XP level 8. HP: 51/58 MP: 8/13
  6282 | D:5      | Killed Prince Ribbit
  6290 | D:5      | Reached skill level 6 in Fire Magic
  6378 | D:5      | Identified the staff of Abuse {rF+ rN+ Int-2 Stlth+ Fire
                  | Alchemy}
  6386 | D:5      | Learned a level 4 spell: Flame Wave
  6390 | D:5      | Learned a level 3 spell: Inner Flame
  7070 | D:6      | Reached skill level 1 in Hexes
  7650 | D:6      | Found a staircase to the Ecumenical Temple.
  7658 | Temple   | Found a transporter.
  7658 | Temple   | Found a transporter.
  7658 | Temple   | Found a transporter.
  7658 | Temple   | Found a transporter.
  7658 | Temple   | Entered the Ecumenical Temple
  7716 | D:6      | Reached XP level 9. HP: 63/63 MP: 11/15
  7743 | D:6      | Noticed a boulder beetle
  7984 | D:6      | Killed a boulder beetle
  7985 | D:6      | Reached skill level 7 in Fire Magic
  8191 | D:6      | Killed an unseen horror
  8694 | D:7      | Reached skill level 5 in Armour
  8694 | D:7      | Reached skill level 5 in Conjurations
  8829 | D:7      | Found a basalt altar of Yredelemnul.
  9207 | D:8      | Reached skill level 5 in Spellcasting
  9379 | D:8      | Noticed a komodo dragon
  9380 | D:8      | Reached skill level 8 in Fire Magic
  9425 | D:8      | Killed a komodo dragon
  9426 | D:8      | Reached skill level 1 in Staves
  9426 | D:8      | Reached XP level 10. HP: 70/70 MP: 3/17
  9593 | D:8      | Noticed Psyche
  9598 | D:8      | Killed Psyche
  9943 | D:8      | Found a staircase to the Lair.
  9950 | D:8      | Identified the +3 scale mail of Evolution {rF+++}
  9977 | D:8      | Noticed Gastronok
 10003 | D:8      | Killed Gastronok
 10004 | D:8      | Reached skill level 9 in Fire Magic
 11049 | D:9      | Killed an unseen horror
 11201 | D:9      | Reached XP level 11. HP: 75/75 MP: 11/20
 11526 | D:9      | Reached skill level 10 in Fire Magic
 11759 | D:10     | Entered Level 10 of the Dungeon
 11793 | D:10     | Noticed Nergalle
 11800 | D:10     | Killed Nergalle
 11800 | D:10     | Noticed a two-headed ogre
 11806 | D:10     | Killed a two-headed ogre
 12049 | D:10     | Found a sacrificial altar of Ru.
 12050 | D:10     | Found a sparkling altar of Nemelex Xobeh.
 12050 | D:10     | Found a hide-covered altar of Uskayaw.
 12051 | D:10     | Found a glowing silver altar of Zin.
 12058 | D:10     | Became a worshipper of Nemelex Xobeh the Trickster
 12346 | D:10     | Identified the +4 battleaxe of Fuacvik {flame, rPois rF+
                  | Str-2}
 12564 | D:11     | Reached skill level 1 in Invocations
 12610 | D:11     | Reached * piety under Nemelex Xobeh
 12625 | D:11     | Received a gift from Nemelex Xobeh
 12772 | D:11     | Noticed a boulder beetle
 12783 | D:11     | Killed a boulder beetle
 12833 | D:11     | Found a gate leading to a gauntlet.
 12851 | D:11     | Noticed Lodul
 12865 | D:11     | Killed Lodul
 12866 | D:11     | Reached skill level 5 in Fighting
 12866 | D:11     | Reached XP level 12. HP: 57/86 MP: 22/22
 12867 | D:11     | Reached skill level 11 in Fire Magic
 12879 | Gauntlet | Entered a Gauntlet
 12879 | Gauntlet | Found a transporter.
 12879 | Gauntlet | Found a transporter.
 12879 | Gauntlet | Found a transporter.
 12895 | Gauntlet | Noticed a catoblepas
 12992 | Gauntlet | Found a transporter.
 12994 | Gauntlet | Found a transporter.
 13002 | Gauntlet | Found a transporter.
 13003 | Gauntlet | Found a transporter.
 13009 | Gauntlet | Noticed a quicksilver ooze
 13011 | Gauntlet | Found a transporter.
 13029 | Gauntlet | Found a transporter.
 13035 | Gauntlet | Found a transporter.
 13037 | Gauntlet | Found a transporter.
 13048 | Gauntlet | Found a transporter.
 13789 | Lair:1   | Entered Level 1 of the Lair of Beasts
 13793 | Lair:1   | Noticed Joseph
 13891 | Lair:1   | Reached ** piety under Nemelex Xobeh
 14779 | Lair:1   | Reached skill level 5 in Staves
 15006 | Lair:2   | Killed Joseph
 15225 | Lair:2   | You fall into a shaft and drop 1 floor!
 15240 | Lair:3   | Received a gift from Nemelex Xobeh
 15251 | Lair:3   | Learned a level 1 spell: Freeze
 15304 | Lair:3   | Noticed a catoblepas
 15361 | Lair:3   | Noticed a catoblepas
 15365 | Lair:3   | Reached skill level 12 in Fire Magic
 15378 | Lair:3   | Killed a catoblepas
 15383 | Lair:3   | Reached skill level 1 in Ice Magic
 15430 | Lair:2   | Noticed a four-headed hydra
 15439 | Lair:2   | Killed a four-headed hydra
 15440 | Lair:2   | Reached XP level 13. HP: 91/91 MP: 20/25
 15466 | Lair:3   | Found a dark tunnel.
 15472 | Volcano  | Entered a volcano
 15526 | Volcano  | Reached skill level 5 in Invocations
 15886 | Volcano  | Reached skill level 1 in Ranged Weapons
 16215 | Volcano  | Reached skill level 1 in Axes
 16682 | Lair:2   | Found a hole to the Spider Nest.
 16944 | Lair:2   | Reached *** piety under Nemelex Xobeh
 17441 | Lair:3   | Reached skill level 1 in Short Blades
 18201 | Lair:3   | Found a staircase to the Swamp.
 18232 | Lair:3   | Received a gift from Nemelex Xobeh
 18344 | Lair:3   | Reached skill level 13 in Fire Magic
 18741 | Lair:4   | Reached **** piety under Nemelex Xobeh
 19059 | Lair:4   | Received a gift from Nemelex Xobeh
 19204 | Lair:4   | Reached XP level 14. HP: 59/98 MP: 26/26
 19213 | Lair:4   | Reached skill level 5 in Dodging
 19814 | Lair:4   | Found a staircase to the Slime Pits.
 20135 | Lair:5   | Entered Level 5 of the Lair of Beasts
 20601 | Lair:5   | Received a gift from Nemelex Xobeh
 20644 | Lair:5   | Learned a level 3 spell: Mephitic Cloud
 20976 | Lair:5   | Reached skill level 10 in Armour
 21075 | Lair:5   | Reached skill level 1 in Alchemy
 21080 | Lair:5   | Reached skill level 1 in Air Magic
 21113 | Lair:5   | Reached skill level 10 in Conjurations
 21210 | Lair:5   | Reached skill level 5 in Evocations
 21480 | Lair:5   | Reached ***** piety under Nemelex Xobeh
 21782 | Lair:5   | Noticed a dire elephant
 21834 | Lair:5   | a dire elephant changed into a spark wasp
 21836 | Lair:5   | Reached XP level 15. HP: 105/105 MP: 28/28
 22609 | D:3      | Killed Sigmund
 22640 | D:4      | Killed Savior361's ghost
 22649 | D:4      | Killed Jose's ghost
 22892 | D:3      | Killed grandjackal's ghost
 22912 | D:4      | Killed holymoly's ghost
 23087 | D:12     | Learned a level 1 spell: Sting
 23134 | D:12     | Noticed Sonja
 23142 | D:12     | Killed Sonja
 23236 | D:12     | Reached skill level 14 in Fire Magic
 23483 | D:12     | Received a gift from Nemelex Xobeh
 23935 | D:12     | Found a staircase to the Orcish Mines.
 24536 | D:12     | Received a gift from Nemelex Xobeh
 24544 | D:12     | Noticed Snorg
 24551 | D:12     | Killed Snorg
 24607 | Orc:1    | Entered Level 1 of the Orcish Mines
 24607 | Orc:1    | Found Tacloth's Antique Weapon Shop.
 24712 | Orc:1    | Reached skill level 10 in Spellcasting
 24849 | Orc:1    | Bought a smouldering whip for 247 gold pieces
 24849 | Orc:1    | Identified the +5 whip of the Depths {flame, rPois MP+9
                  | Str-3 Int-5} (You bought it in a shop on level 1 of the
                  | Orcish Mines)
 24851 | Orc:1    | Bought a pitted dire flail for 297 gold pieces
 24851 | Orc:1    | Identified the +7 dire flail of Infinite Pain {venom, rF++
                  | Dex+2 Stlth+} (You bought it in a shop on level 1 of the
                  | Orcish Mines)
 25136 | Orc:2    | Entered Level 2 of the Orcish Mines
 25319 | Orc:2    | Noticed an orc warlord
 25333 | Orc:2    | Killed an orc warlord
 25340 | Orc:2    | Noticed Urug
 25357 | Orc:1    | Killed Urug
 25683 | Orc:2    | Noticed Jorgrun
 25690 | Orc:2    | Killed Jorgrun
 25906 | Orc:2    | Found a staircase to the Elven Halls.
 26354 | Orc:1    | Received a gift from Nemelex Xobeh
 26538 | Orc:2    | Paralysed by an orc sorcerer for 3 turns
 26655 | Orc:2    | Found Giukaw's General Store.
 26655 | Orc:2    | Found Woxem's Antique Weapon Emporium.
 26656 | Orc:2    | Found Kanoxt Ewiev's Armour Boutique.
 26656 | Orc:2    | Found Diwn's General Store.
 26851 | Orc:2    | Bought a fading short sword for 232 gold pieces
 26851 | Orc:2    | Identified the +3 short sword of Valuable Assets {drain,
                  | *Slow rF++ Int+6} (You bought it in a shop on level 2 of
                  | the Orcish Mines)
 27518 | D:13     | Received a gift from Nemelex Xobeh
 27861 | D:13     | Reached ****** piety under Nemelex Xobeh
 28195 | D:14     | Received a gift from Nemelex Xobeh
 28286 | D:14     | Reached XP level 16. HP: 111/111 MP: 30/30
 28637 | D:14     | Identified the ring "Mielulong" {Fly Will++ Int+3}
 29551 | D:14     | Received a gift from Nemelex Xobeh
 29756 | D:14     | Got the Grimoire of Red Reconfiguration
 30388 | D:14     | Found a gate to the Vaults.
 30506 | D:15     | Entered Level 15 of the Dungeon
 30923 | D:15     | Received a gift from Nemelex Xobeh
 31320 | D:15     | Reached skill level 5 in Short Blades
 31819 | D:15     | Found a staircase to the Depths.
 31962 | D:15     | Learned a level 2 spell: Mercury Vapours
 32146 | Spider:1 | Entered Level 1 of the Spider Nest
 32513 | Spider:1 | Slain by a ghost moth

Illustrated notes

Levels and vault maps discovered:
D:1:      minmay_arrival_glassed_features, layout_basic,
          chequers_ecumenical_altar_grove
D:2:      layout_loops_ring, basic_altar, minmay_tromino_i2, uniq_terence,
          uniq_natasha
D:3:      layout_basic, portal_sewer_entry_b, st_stairs_4,
          nicolae_elevator_lobby_asterisk, uniq_sigmund
D:4:      layout_cave_pods, gammafunk_ghost_cemetery, dk_noncrumbling_2
D:5:      layout_basic, feat_on_display, uniq_prince_ribbit1
D:6:      minmay_chambers_of_sixes, layout_rooms, minmay_temple_entry_slanted,
          serial_library_regret_index_small_wings
D:7:      layout_cave_pools, general_overflow_altar, serial_glass,
          glass_columns_a, glass_columns_a, due_unseen_surprise,
          item_on_display_a, minmay_strange_pillars, item_on_display_a,
          reono_crystal_passage
D:8:      layout_basic, due_lair_maze_entry_diamond, uniq_psyche, uniq_gastronok
D:9:      kennysheep_spiral_hall, layout_basic
D:10:     layout_long_grid, chequers_temple_overflow_statue_of_worship,
          nicolae_houndstooth_variations, uniq_nergalle
D:11:     layout_cave_pods, serial_glass, glass_columns_a, glass_columns_a,
          glass_columns_a, glass_columns_a, glass_columns_c, glass_columns_a,
          gauntlet_entry_generic, moated_statue, uniq_lodul
D:12:     layout_stronghold, hiddenorc1_lemuel, uniq_snorg, uniq_sonja
D:13:     layout_stronghold
D:14:     minmay_the_grid_octo_2x2 [minmay_the_grid_octo_chip,
          minmay_the_grid_octo_fat_diamond, minmay_the_grid_octo_77,
          minmay_the_grid_octo_prize_square_snowflake], layout_irregular_city,
          david_vaults_4
D:15:     gammafunk_enter_depths_forms, layout_loops_ring
Temple:   hellmonk_temple_divided_pantheon
Lair:1:   layout_loops_ring, st_stairs_4, beast_lair_carwin_7, uniq_joseph
Lair:2:   layout_small_grid, dummy_spider_entry, serial_rivers,
          chequers_serial_rivers_micro_e, chequers_serial_rivers_micro_a,
          chequers_serial_rivers_room_a, chequers_serial_rivers_room_b,
          chequers_serial_rivers_marsh, chequers_serial_rivers_large_a
Lair:3:   layout_hall_layers, swamp_mist_pool, enter_volcano_1, pond,
          infiniplex_staircase_pool, serial_bayou_shore_b, serial_bayou_shore_b
Lair:4:   layout_loops_ring, minmay_slime_entry_pillars, st_stairs_7,
          grunt_forest_large_clearings
Lair:5:   grunt_lair_end_beastmaster, layout_small_grid, serial_bayou_shore_b
Spider:1: layout_spider_delve, guppyfry_hornet_nest
Orc:1:    layout_caves, serial_shops, nicolae_shop_pleasant_corner_grove,
          kennysheep_orc_chapel
Orc:2:    st_orc_elflike, layout_caves, mines1_david, uniq_urug, uniq_jorgrun

Skill      XL: |  1  2  3  4  5  6  7  8  9 10 11 12 13 14 15 16 |
---------------+-------------------------------------------------+-----
Fighting       | 1 2 3 5 6 |  6.5
Armour         | 1 2 3 4 5 6 7 8 9 10 11 | 11.8
Conjurations   | 2 3 4 5 6 7 8 9 10 11 | 11.8
Fire Magic     | 4 5 6 8 9 10 12 13 14 | 14.9
Dodging        | 3 4 5 |  5.0
Spellcasting   | 3 4 5 6 7 8 9 10 11 | 11.0
Evocations     | 1 2 3 5 |  5.0
Hexes          | 1 3 |  3.0
Staves         | 1 3 4 5 6 |  6.4
Invocations    | 2 4 5 7 9 |  9.9
Ice Magic      | 1 3 |  3.0
Ranged Weapons | 1 |  1.0
Axes           | 1 |  1.0
Short Blades   | 2 3 5 |  5.0
Alchemy        | 2 3 |  3.0
Air Magic      | 2 3 |  3.0
Stealth        | |  2.0

Action                     |  1- 3 |  4- 6 |  7- 9 | 10-12 | 13-15 | 16-18 || total
---------------------------+-------+-------+-------+-------+-------+-------++-------
  Melee: Dagger            |    37 |    31 |    19 |       |       |       ||    87
         Punch             |       |     1 |     2 |     1 |     1 |     1 ||     6
         Staff             |       |       |    10 |    11 |    35 |    34 ||    90
         Battleaxe         |       |       |       |       |    64 |       ||    64
   Fire: Sling             |       |       |       |       |    34 |       ||    34
  Throw: Dart              |       |       |       |     3 |    13 |     3 ||    19
   Cast: Foxfire           |    26 |   104 |   217 |   289 |   740 |   146 ||  1522
         Scorch            |     4 |     9 |    60 |   159 |   323 |   110 ||   665
         Flame Wave        |       |       |       |    13 |    65 |    18 ||    96
         Inner Flame       |       |       |       |       |    26 |    15 ||    41
         Freeze            |       |       |       |       |     3 |     5 ||     8
         Mephitic Cloud    |       |       |       |       |     3 |     1 ||     4
         Sting             |       |       |       |       |       |    40 ||    40
         Mercury Vapours   |       |       |       |       |       |     7 ||     7
 Invoke: Draw Destruction  |       |       |       |     4 |    25 |     5 ||    34
         Draw Summoning    |       |       |       |     3 |     6 |       ||     9
         Draw Escape       |       |       |       |       |     1 |       ||     1
  Evoke: Wand              |       |       |     1 |     8 |     8 |     2 ||    19
    Use: Potion            |       |     3 |       |       |     3 |     2 ||     8
         Scroll            |       |       |    16 |     8 |     7 |     3 ||    34
   Stab: Sleeping          |     2 |       |       |       |       |       ||     2
         Distracted        |       |       |     1 |       |       |       ||     1
 Armour: Robe              |    25 |    10 |       |       |       |       ||    35
         Leather armour    |       |    14 |    53 |     1 |       |       ||    68
         Ring mail         |       |       |       |   117 |   316 |   157 ||   590
         Scale mail        |       |       |       |       |   163 |       ||   163
         Acid dragon scale |       |       |       |       |     2 |       ||     2
  Dodge: Dodged            |    27 |    29 |    33 |   155 |   412 |   122 ||   778

Table legend: (Time is in decaauts)
 A = Elapsed time spent in this place.
 B = Non-inter-level travel time spent in this place.
 C = Inter-level travel time spent in this place.
 D = Time resting spent in this place.
 E = Time spent auto-exploring this place.
 F = Levels seen in this place.
 G = Mean time per level.
                   A        B        C        D        E       F      G
               +--------+--------+--------+--------+--------+-----+--------+
         Total |  32723 |  30934 |   1789 |   7302 |  16750 |  27 | 1212.0 |
       Dungeon |  20157 |  18886 |   1271 |   4392 |  10736 |  15 | 1343.8 |
        Temple |     25 |     25 |      0 |      0 |      0 |   1 |   25.0 |
          Lair |   7892 |   7526 |    366 |   1492 |   4292 |   5 | 1578.4 |
   Spider Nest |     78 |     78 |      0 |      0 |     23 |   1 |   78.0 |
  Orcish Mines |   2246 |   2096 |    150 |    501 |    955 |   2 | 1123.0 |
         Sewer |    974 |    974 |      0 |    236 |    578 |   1 |  974.0 |
       Volcano |   1064 |   1064 |      0 |    581 |     40 |   1 | 1064.0 |
      Gauntlet |    285 |    285 |      0 |    100 |    126 |   1 |  285.0 |
               +--------+--------+--------+--------+--------+-----+--------+

Top non-repeatable levels by time:
  Lair:5: 2083 daAuts
     D:8: 2074 daAuts
     D:4: 1956 daAuts
  Lair:2: 1897 daAuts
    D:14: 1773 daAuts
    D:13: 1735 daAuts
    D:12: 1733 daAuts
  Lair:3: 1729 daAuts
     D:6: 1462 daAuts
    D:15: 1455 daAuts
   Orc:2: 1445 daAuts
  Lair:4: 1257 daAuts
     D:2: 1229 daAuts
     D:5: 1158 daAuts
     D:1: 1155 daAuts
